 Dungeon Crawl Stone Soup version 0.28.0 (webtiles) character file.

Game seed: 15680704362195359401

16656 Dirian the Fighter (level 12, -6/115 HPs)
             Began as a Minotaur Fighter on Feb 10, 2022.
             Was a High Priest of Lugonu.
             Mangled by a red devil (16 damage)
             ... summoned by an orc sorcerer
             ... on level 2 of the Orcish Mines.
             The game lasted 00:25:54 (11285 turns).

Dirian the Fighter (Minotaur Fighter)              Turns: 11285, Time: 00:25:55

Health: -6/115     AC: -13   Str: 30    XL:     12   Next: 12%
Magic:  18/18      EV:  9    Int:  5    God:    Lugonu [*****.]
Gold:   1728       SH:  6    Dex: 18    Spells: 11/11 levels left

rFire   . . .      SeeInvis .   a - +0 broad axe (vorpal)
rCold   . . .      Faith    .   c - +0 buckler
rNeg    . . .      Spirit   .   u - +1 chain mail
rPois   .          Reflect  .   Q - +1 hat
rElec   .          Harm     .   s - +0 cloak
rCorr   .          Rampage  .   (no gloves)
Will    ++...                   m - +0 pair of boots
Stlth   ..........              e - amulet of regeneration
HPRegen 1.09/turn               j - +6 ring of strength
MPRegen 0.16/turn               n - ring "Ciuro" {+Blink Will++ Dex+6}

@: corroded
A: horns 2, retaliatory headbutt
a: Renounce Religion, Evoke Blink, Depart the Abyss, Bend Space, Banish,
Corrupt, Enter the Abyss


You were on level 2 of the Orcish Mines.
You worshipped Lugonu.
Lugonu was extremely pleased with you.
You visited 2 branches of the dungeon, and saw 14 of its levels.
You also visited: Bailey.

You collected 2028 gold pieces.
You spent 300 gold pieces at shops.

Inventory:

Hand Weapons
 a - a +0 vorpal broad axe (weapon)
 b - a +2 spectral war axe
 r - a +1 war axe of freezing
 I - a +0 war axe
 R - a +2 war axe of electrocution
Missiles
 J - a throwing net (quivered)
Armour
 c - a +0 buckler (worn)
 m - a +0 pair of boots (worn)
 p - +0 swamp dragon scales
 s - a +0 cloak (worn)
 u - a +1 chain mail (worn)
 x - a +0 plate armour
 Q - a +1 hat (worn)
Jewellery
 e - an amulet of regeneration (around neck)
 g - an amulet of faith
 j - a +6 ring of strength (left hand)
 n - the ring "Ciuro" (right hand) {+Blink Will++ Dex+6}
   (You found it on level 2 of the Dungeon)

   [ring of dexterity]

   Dex:       It affects your dexterity (+6).
   +Blink:    It lets you blink.
   Will:      It greatly increases your willpower.
 O - an amulet of guardian spirit
Wands
 v - a wand of digging (2)
 y - a wand of acid (18)
 z - a wand of iceblast (18)
 C - a wand of paralysis (6)
 H - a wand of flame (8)
 L - a wand of charming (7)
Scrolls
 f - 2 scrolls of fog
 t - 2 scrolls of teleportation
 K - 2 scrolls of immolation
 M - 2 scrolls of silence
 N - 2 scrolls of summoning
Potions
 d - 6 potions of might
 h - 4 potions of haste
 i - a potion of cancellation
 k - a potion of lignification
 l - a potion of magic
 o - 5 potions of mutation
 q - 5 potions of curing
 w - 3 potions of heal wounds
 A - a potion of attraction
 D - a potion of berserk rage
 E - 5 potions of flight
 F - a potion of invisibility
 G - a potion of brilliance
 P - 3 potions of ambrosia
Miscellaneous
 B - a condenser vane


   Skills:
 + Level 13.0 Fighting
 + Level 12.4 Axes
 + Level 6.1 Armour
 - Level 1.0 Dodging
 - Level 5.0 Shields
 - Level 10.0 Invocations
 * Level 7.0 Evocations


You had 11 spell levels left.
You didn't know any spells.
Your spell library contained the following spells:

 Spells                   Type           Power      Damage    Failure   Level
 Animate Skeleton         Necr           0%         N/A       97%         1
 Apportation              Tloc           0%         N/A       97%         1
 Summon Small Mammal      Summ           0%         N/A       97%         1
 Gell's Gravitas          Tloc           0%         N/A       100%        3
 Lesser Beckoning         Tloc           0%         N/A       100%        3
 Teleport Other           Tloc           0%         N/A       100%        3
 Tukima's Dance           Hex            0%         N/A       100%        3
 Leda's Liquefaction      Hex/Erth       0%         N/A       100%        4
 Passage of Golubria      Tloc           0%         N/A       100%        4
 Iskenderun's Battlesphe  Conj           0%         2d6       100%        5
 Lee's Rapid Deconstruct  Erth           0%         3d5*      100%        5
 Yara's Violent Unravell  Hex/Tmut       0%         3d3       100%        5
 Iron Shot                Conj/Erth      0%         9d1       100%        6
 Statue Form              Tmut/Erth      0%         N/A       100%        6
 Spellforged Servitor     Conj/Summ      0%         N/A       100%        7
 Disjunction              Tloc           0%         N/A       100%        8


Dungeon Overview and Level Annotations

Branches:
Dungeon (12/15)            Temple (0/1) D:6            Lair (0/6) D:8
    Orc (2/2) D:9          Bailey (visited)
    Elf: Orc:2

Altars:
Okawaru
Wu Jian
Lugonu

Shops:
D:8 !(   D:9 (   Orc:1 (

Annotations:
D:7 2 transporters, LLlMATKO's ghost, novice MiBe
Orc:1 3 runed translucent doors, kwass's ghost, journeyman GnAK


Innate Abilities, Weirdness & Mutations

You have a pair of horns on your head.
You reflexively headbutt those who attack you in melee.


Message History

You hit the orc sorcerer. You headbutt the orc sorcerer!
The orc sorcerer is moderately wounded.
You barely miss the rust devil. The orc sorcerer barely misses you.
The rust devil hits you! The rust devil corrodes you!
You slash the orc sorcerer! Your headbutt misses the orc sorcerer.
The orc sorcerer is severely wounded.
You completely miss the rust devil.
The orc sorcerer hits you with a +0 dagger!
The rust devil hits you! The rust devil corrodes you!
The orc sorcerer hits you with a +0 dagger.
You closely miss the orc sorcerer. You headbutt the orc sorcerer.
The orc sorcerer is severely wounded.
You hit the rust devil but do no damage.
The rust devil hits you. The rust devil corrodes you!
The orc sorcerer closely misses you. You furiously retaliate!
You headbutt the orc sorcerer, but do no damage.
You hit the orc sorcerer but do no damage.
The orc sorcerer is severely wounded.
You barely miss the rust devil. You block the rust devil's attack.
The orc sorcerer hits you with a +0 dagger.
You closely miss the orc sorcerer.
The orc sorcerer is severely wounded.
You slash the rust devil! The rust devil hits you! The rust devil corrodes you!
The orc sorcerer casts a spell.
You hit the orc sorcerer but do no damage.
Your headbutt misses the orc sorcerer.
The orc sorcerer is severely wounded.
You hit the rust devil but do no damage.
The rust devil hits you! The rust devil corrodes you!
The orc sorcerer hits you with a +0 dagger.
You hit the orc sorcerer but do no damage.
You headbutt the orc sorcerer, but do no damage.
The orc sorcerer is severely wounded.
You hit the rust devil but do no damage.
The rust devil hits you. The rust devil corrodes you!
The orc sorcerer casts a spell at you. The bolt of fire hits you!!!
* * * LOW HITPOINT WARNING * * *
The red devil hits you from afar with a +0 trident!
You die...

......#.###.#.....#..........
..........#...................
...........#....#.............
............#...#.............
....o......#..........#.......
..........###.#...............
$.....4....##.##.##..##.......
..........##4..#####.#.#......
........#.#.#@## #.....#.....
............o.# #.....##..#.
......#.#...4..# ##.#........
..##.#####....## ####.....#. #
## ##.### ###.#### ### ###


You could see a rust devil (summoned), an orc sorcerer and a red devil
(summoned).

Vanquished Creatures
  Gastronok (Orc:1)
  An ettin (Orc:1)
  Fannar (Orc:1)
  Urug (Orc:2)
  2 two-headed ogres (D:10)
  Nergalle (D:11)
  2 orc knights
  A cyclops (D:11)
  A gargoyle (D:11)
  Maggie (D:9)
  A yaktaur (D:12)
  The ghost of p0werm0de the Skirmisher, an amateur MiFi of Fedhas (D:6)
  5 trolls
  A shadow (D:10)
  A vampire (D:12)
  12 yaks
  A steam dragon (D:6)
  Edmund (D:5)
  Menkaure (D:6)
  3 wargs
  An acid dragon (D:8)
  2 water moccasins
  19 orc warriors
  4 ogres
  3 ice beasts
  2 necrophages
  4 centaurs
  A phantom (D:6)
  2 kobold brigands
  Blork the orc (D:6)
  A bullfrog (D:6)
  A gnoll sergeant (D:9)
  A wyvern zombie (D:8)
  3 scorpions
  2 water moccasin skeletons
  4 wights (D:4)
  4 howler monkeys
  6 centaur zombies
  3 orc priests
  5 hounds
  2 jellies
  A gnoll shaman (D:8)
  A centaur skeleton (D:6)
  4 iguanas
  9 orc wizards
  2 howler monkey zombies
  22 gnolls
  6 adders
  A shadow imp (D:6)
  A white imp (D:5)
  An ufetubus (D:7)
  3 dart slugs
  35 orcs
  4 ball pythons
  4 bats
  6 endoplasms
  2 giant cockroaches
  12 goblins
  6 hobgoblins
  6 jackals
  22 kobolds
  6 quokkas
  A frilled lizard (D:3)
  4 rats
269 creatures vanquished.

Notes
Turn   | Place    | Note
-------+----------+-------------------------------------------
     0 | D:1      | Dirian the Minotaur Fighter began the quest for the Orb.
     0 | D:1      | Reached XP level 1. HP: 19/19 MP: 0/0
   182 | D:1      | Reached XP level 2. HP: 23/27 MP: 1/1
   480 | D:1      | Found a faded altar of an unknown god.
   535 | D:1      | Got the Tome of the Traveller
   991 | D:1      | Prayed at the altar of an unknown god.
   991 | D:1      | Became a worshipper of Lugonu the Unformed
   991 | D:1      | Reached * piety under Lugonu
   991 | D:1      | Reached ** piety under Lugonu
  1140 | D:2      | Reached XP level 3. HP: 32/33 MP: 2/2
  1162 | D:2      | Identified the ring "Ciuro" {+Blink Will++ Dex+6}
  1177 | D:2      | Reached skill level 1 in Dodging
  1365 | D:2      | Reached skill level 4 in Fighting
  1644 | D:2      | Reached XP level 4. HP: 40/40 MP: 3/3
  2401 | D:3      | Reached XP level 5. HP: 16/47 MP: 4/4
  2965 | D:3      | HP: 2/47 [poisoned by a scorpion]
  3433 | D:4      | Reached skill level 5 in Axes
  3433 | D:4      | Reached XP level 6. HP: 41/55 MP: 5/5
  4136 | D:4      | Reached skill level 5 in Fighting
  4136 | D:4      | Reached skill level 5 in Armour
  4136 | D:4      | Reached skill level 5 in Shields
  4146 | D:4      | Reached *** piety under Lugonu
  4526 | D:5      | Entered Level 5 of the Dungeon
  4541 | D:5      | Reached XP level 7. HP: 57/61 MP: 6/6
  4750 | D:5      | Noticed Edmund
  4759 | D:5      | Killed Edmund
  4760 | D:5      | Reached skill level 6 in Fighting
  5038 | D:5      | Reached XP level 8. HP: 62/71 MP: 7/7
  5079 | D:5      | Noticed a two-headed ogre
  5224 | D:6      | Reached skill level 7 in Fighting
  5380 | D:6      | Found an ornate altar of the Wu Jian Council.
  5388 | D:6      | Noticed Menkaure
  5393 | D:6      | Killed Menkaure
  5394 | D:6      | Reached skill level 10 in Axes
  5402 | D:6      | Noticed Blork the orc
  5410 | D:6      | Killed Blork the orc
  5411 | D:6      | Reached skill level 8 in Fighting
  5470 | D:6      | Found a staircase to the Ecumenical Temple.
  5547 | D:6      | Reached XP level 9. HP: 52/82 MP: 8/8
  5782 | D:6      | Reached **** piety under Lugonu
  5870 | D:6      | Reached skill level 9 in Fighting
  5921 | D:6      | Found a large runed translucent door.
  5921 | D:6      | Found a large runed translucent door.
  5924 | D:6      | Noticed p0werm0de's ghost (amateur MiFi)
  6177 | D:6      | Killed p0werm0de's ghost
  6318 | D:7      | Noticed LLlMATKO's ghost (novice MiBe)
  6337 | D:7      | Found a transporter.
  6359 | D:7      | Reached skill level 1 in Invocations
  6473 | D:7      | Found a transporter.
  6611 | D:8      | Reached skill level 10 in Fighting
  6629 | D:8      | Found a flagged portal.
  6774 | Bailey   | Entered a bailey
  6807 | Bailey   | Reached XP level 10. HP: 71/94 MP: 12/12
  6821 | Bailey   | Reached skill level 5 in Invocations
  7185 | D:8      | Found Asexzuah's Distillery.
  7190 | D:8      | Bought a potion of might for 48 gold pieces
  7190 | D:8      | Bought a potion of invisibility for 96 gold pieces
  7190 | D:8      | Bought a potion of berserk rage for 60 gold pieces
  7190 | D:8      | Bought a potion of ambrosia for 96 gold pieces
  7204 | D:8      | Reached ***** piety under Lugonu
  7223 | D:8      | Reached skill level 11 in Fighting
  7233 | D:8      | Found a staircase to the Lair.
  7361 | D:8      | Found Hetseky's Weapon Emporium.
  7457 | D:9      | Noticed Maggie
  7465 | D:9      | Killed Maggie
  7789 | D:9      | Found Yrain Senaga's Weapon Shop.
  7949 | D:9      | Found a staircase to the Orcish Mines.
  8158 | D:10     | Entered Level 10 of the Dungeon
  8218 | D:10     | Reached skill level 1 in Evocations
  8298 | D:10     | Noticed a two-headed ogre
  8305 | D:10     | Killed a two-headed ogre
  8762 | D:10     | Noticed a two-headed ogre
  8769 | D:10     | Killed a two-headed ogre
  8770 | D:10     | Reached XP level 11. HP: 104/104 MP: 16/16
  9096 | D:11     | Noticed Nergalle
  9108 | D:11     | Killed Nergalle
  9109 | D:11     | Reached skill level 12 in Fighting
  9499 | D:11     | Reached skill level 5 in Evocations
  9844 | D:12     | Noticed a boulder beetle
  9844 | D:12     | Noticed a cyan ugly thing
  9907 | Orc:1    | Entered Level 1 of the Orcish Mines
  9908 | Orc:1    | Noticed an orc knight
  9992 | D:9      | Killed an orc knight
 10038 | Orc:1    | Noticed an ettin
 10052 | Orc:1    | Killed an ettin
 10198 | Orc:1    | Noticed Fannar
 10220 | Orc:1    | Killed Fannar
 10221 | Orc:1    | Reached skill level 10 in Invocations
 10259 | Orc:1    | Noticed an orc knight
 10317 | Orc:1    | Killed an orc knight
 10389 | Orc:1    | Found a runed translucent gate.
 10389 | Orc:1    | Found a runed translucent gate.
 10390 | Orc:1    | Found a runed translucent gate.
 10390 | Orc:1    | Noticed a deep elf knight
 10390 | Orc:1    | Noticed an orc knight
 10391 | Orc:1    | Found an iron altar of Okawaru.
 10391 | Orc:1    | Noticed an orc knight
 10391 | Orc:1    | Noticed a stone giant
 10391 | Orc:1    | Noticed a deep elf knight
 10391 | Orc:1    | Noticed kwass's ghost (journeyman GnAK)
 10391 | Orc:1    | Found the +14 obsidian axe {vorpal, Mesm Drain Fly SInv}
 10435 | Orc:1    | Noticed a centaur warrior
 10558 | Orc:1    | Found Coce's Weapon Boutique.
 10717 | Orc:2    | Entered Level 2 of the Orcish Mines
 10739 | Orc:2    | Noticed Urug
 10785 | Orc:1    | Noticed Gastronok
 10846 | Orc:1    | Killed Gastronok
 10847 | Orc:1    | Reached XP level 12. HP: 83/113 MP: 18/18
 11091 | Orc:2    | Killed Urug
 11092 | Orc:2    | Reached skill level 13 in Fighting
 11285 | Orc:2    | Mangled by a red devil

Illustrated notes

Levels and vault maps discovered:
D:1:      evilmike_arrival_crescent, layout_basic,
          chequers_ecumenical_altar_twisty, minmay_misc_feat_nine_boxes
D:2:      layout_rooms
D:3:      layout_basic
D:4:      layout_layer_cave
D:5:      layout_loops_cross, kennysheep_diamond, uniq_edmund
D:6:      layout_basic, nzn_wu_jian_contemplation,
          minmay_temple_entry_enclosed_plants, ebering_ghost_disaster_area,
          minmay_joined_circles, uniq_blork_the_orc, uniq_menkaure
D:7:      layout_rooms, nzn_ghost_randoct, grunt_ministairs_14
D:8:      layout_rooms, lair_entry_dummy, serial_shops, shop_statue,
          nicolae_shop_bloodbath_and_beyond, enter_bailey_5, serial_park_tiny_2
D:9:      layout_loops_ring, orc_0_dummy, serial_shops, nicolae_shop_waterfront,
          nrook_loot_triangle, uniq_maggie
D:10:     layout_long_grid, serial_co_window_serial, co_window_corner_a,
          co_window_corner_a, co_window_paths_b, co_window_paths_a,
          co_window_corner_a, co_window_of_opportunity_b, co_window_2corner,
          co_window_unsneaky_path_c, co_window_corner_b, co_window_corner_b,
          co_window_broadway_a, glass_columns_b, glass_columns_b
D:11:     layout_cave_pools, kennysheep_generic_room_16, uniq_nergalle
D:12:     minmay_ornate_pinched, layout_long_grid
Orc:1:    layout_caves, serial_shops, shop, gammafunk_ghost_fury_of_okawaru,
          uniq_fannar, uniq_gastronok
Orc:2:    st_orc_town, layout_caves, basic_altar, uniq_donald, uniq_urug

Skill      XL: |  1  2  3  4  5  6  7  8  9 10 11 12 |
---------------+-------------------------------------+-----
Axes           | 3 4 5 6 8 11 12 | 12.4
Shields        | 4 5 |  5.0
Dodging        | 1 |  1.0
Fighting       | 4 5 6 8 10 11 12 13 | 13.0
Armour         | 4 5 6 |  6.1
Invocations    | 4 8 10 | 10.0
Evocations     | 3 6 7 |  7.0

Action                   |  1- 3 |  4- 6 |  7- 9 | 10-12 || total
-------------------------+-------+-------+-------+-------++-------
Melee: War axe           |    63 |    96 |   192 |   262 ||   613
       Headbutt          |     7 |    13 |    49 |    77 ||   146
       Broad axe         |       |       |       |    17 ||    17
  Use: Scroll            |       |     4 |     4 |    16 ||    24
       Potion            |       |       |     1 |     1 ||     2
 Stab: Distracted        |       |       |     1 |     5 ||     6
Armor: Scale mail        |    38 |     5 |       |       ||    43
       Chain mail        |       |    35 |    75 |    94 ||   204
Dodge: Dodged            |    39 |    38 |    75 |   103 ||   255
Block: Buckler           |    12 |    22 |    44 |    72 ||   150
